 Dungeon Crawl Stone Soup version 0.31-a0-844-gdc52ec4e09 (webtiles) character file.

Game seed: 16391842585332913486

271 wvc the Covert (level 6, -5/39 HPs)
             Began as an Octopode Brigand on Sept 30, 2023.
             Slain by an iguana (8 damage)
             ... on level 3 of the Dungeon.
             The game lasted 00:09:01 (2615 turns).

wvc the Covert (Octopode Brigand)                   Turns: 2615, Time: 00:09:02

Health: -5/39      AC:  1    Str: 11    XL:     6   Next: 23%
Magic:  6/6        EV: 12    Int: 15    God:
Gold:   194        SH:  0    Dex: 13    Spells: 5/5 levels left

rFire   . . .        j - +1 short sword (speed)
rCold   . . .        (no shield)
rNeg    . . .        (helmet restricted)
rPois   .            (no amulet)
rElec   .            (no ring)
rCorr   .            (no ring)
SInv    .            (no ring)
Will    .....        (no ring)
Stlth   +++++        (no ring)
HPRegen 0.26/turn    (no ring)
MPRegen 0.10/turn    (no ring)
                     (no ring)

%: no passive effects
@: no status effects
A: almost no armour, amphibious, 8 rings, camouflage 1, gelatinous body 1,
(nimble swimmer 1), tentacles
a: no special abilities


You were on level 3 of the Dungeon.
You visited 1 branch of the dungeon, and saw 4 of its levels.

You collected 194 gold pieces.

Inventory:

Hand Weapons
 a - a +1 rapier
 b - the +6 mace of the Wolf {venom, rPois rN+ Int-5}
   (You found it on level 2 of the Dungeon)

   Int-5:     It affects your intelligence (-5).
   rPois:     It protects you from poison rN+: It protects you from negative
   energy.
 d - a +2 dagger
 j - a +1 short sword of speed (weapon)
Missiles
 c - 3 curare-tipped darts
 i - 9 poisoned darts (quivered)
Magical Staves
 k - a staff of cold
Talismans
 o - a flux talisman
Wands
 l - a wand of roots (6)
 r - a wand of flame (8)
Scrolls
 g - a scroll of identify
 h - 2 scrolls of fog
 m - a scroll of teleportation {unknown}
Potions
 e - a potion of heal wounds {unknown}
 f - 2 potions of magic
 n - a potion of resistance {unknown}
 p - a potion of attraction {unknown}
 q - 2 potions of brilliance {unknown}


   Skills:
 - Level 2.0 Fighting
 * Level 4.2 Short Blades
 - Level 1.0 Maces & Flails
 - Level 2.0 Throwing
 - Level 1.0 Dodging
 + Level 8.3 Stealth


You had 5 spell levels left.
You didn't know any spells.
Your spell library contained the following spells:

 Spells                   Type           Power      Damage    Failure   Level
 Magic Dart               Conj           0%         1d3       26%         1
 Shock                    Conj/Air       0%         1d3       26%         1
 Searing Ray              Conj           0%         2d4       38%         2
 Swiftness                Air            0%         N/A       63%         3
 Airstrike                Air            0%         2d(0-16)  95%         4
 Fulminant Prism          Conj/Hex       0%         3d5       95%         4


Dungeon Overview and Level Annotations

Branches:
Dungeon (4/15)
 Temple: D:4-7

Altars:

Shops:
D:2 :

Annotations:
D:3 1 runed translucent door, Crazy Yiuf


Innate Abilities, Weirdness & Mutations

You cannot wear most types of armour.
You are amphibious.
You can wear up to eight rings at the same time.
Your skin changes colour to match your surroundings (Stealth+).
Your rubbery body absorbs attacks. (AC +1, EV +1)
((You are camouflaged when in or above water. (Stealth+)))
You have tentacles for arms and can constrict up to eight enemies at once.


Message History

Things that are here:
a +0 club; a +0 leather armour; an adder corpse
There is a stone staircase leading down here.
You start resting.
HP restored.
You climb downwards.
You hear the hiss of flowing sand.
There is an entrance to an ossuary on this level.
Hurry and find it before the portal is buried!
The walls and floor vibrate strangely for a moment.
The iguana bites you. The iguana barely misses you.
There is a stone staircase leading up here.
The iguana misses you. The gnoll hits you with a +0 club!
You climb upwards.
Level annotation: 1 runed translucent door, Crazy Yiuf
There is a stone staircase leading down here.
The iguana bites you! The iguana attacks as it pursues you!
The iguana bites you. The iguana attacks as it pursues you!
The iguana misses you.
Things that are here:
a +0 leather armour; a +0 club; an adder corpse Throw: 11 darts (poison)
Press: ? - help, Q - select action, (/) - cycle Shift-Dir - straight line, f - gnoll
Aim: a gnoll, wielding a +0 club (60% to hit)
You throw a poisoned dart.
The poisoned dart completely misses the iguana.
The poisoned dart hits the gnoll.
The gnoll is poisoned.
Throw: 10 darts (poison)
Press: ? - help, Q - select action, (/) - cycle Shift-Dir - straight line, f/p - gnoll
Aim: a gnoll, wielding a +0 club (lightly wounded, poisoned, 60% to hit)
You throw a poisoned dart. The poisoned dart hits the iguana.
The iguana is poisoned.
The iguana bites you! The iguana attacks as it pursues you!
The iguana closely misses you. The iguana attacks as it pursues you!
The iguana barely misses you. The iguana attacks as it pursues you!
The iguana bites you!
* * * LOW HITPOINT WARNING * * *
The iguana looks more healthy.
The gnoll looks more healthy.
The iguana attacks as it pursues you! The iguana bites you!
You die...

###.....###...####
#....#
##....).....###.#.#
♣....♣
.....>.###### ##.##
♣...♣♣ ##.#..## #.#
♣♣.♣♣
#.#..##########.#
♣.♣♣
#.#...((....g.g.#
♣♣.♣
##....##########.##
♣.♣♣ .....######
#l.# ♣♣.♣
.#........# #@##
#+# ....#####.#
#..# g.. .##.# #.#
#..# #...# #####
###.# #.# #..#
#..)# #.... # #.#
#.# #.(# #####
##### ###.# #.#
#..# ....# #.# #..#
### ##### #.#
#..#########.# #.#
#...........<#


You could see an iguana and a gnoll.

Vanquished Creatures
  An ogre (D:3)
  A gnoll bouda (D:3)
  Natasha (thrice) (D:3)
  An adder (D:3)
  2 dart slugs
  3 orcs (D:3)
  4 ball pythons
  4 bats
  5 endoplasms
  6 giant cockroaches
  8 goblins
  3 hobgoblins
  4 jackals (D:4)
  3 quokkas
  4 frilled lizards
  8 kobolds
  5 rats
65 creatures vanquished.

Notes
Turn   | Place    | Note
-------+----------+-------------------------------------------
     0 | D:1      | wvc the Octopode Brigand began the quest for the Orb.
     0 | D:1      | Reached XP level 1. HP: 14/14 MP: 1/1
    95 | D:1      | Reached XP level 2. HP: 16/19 MP: 2/2
   150 | D:1      | Reached skill level 6 in Stealth
   282 | D:1      | Found a faded altar of an unknown god.
   316 | D:1      | Reached XP level 3. HP: 9/24 MP: 3/3
   821 | D:2      | Found Egyatell's Book Shoppe.
   976 | D:2      | Identified the +6 mace of the Wolf {venom, rPois rN+ Int-5}
  1163 | D:2      | Noticed a scorpion
  1612 | D:3      | Reached skill level 1 in Maces & Flails
  1675 | D:3      | Noticed Natasha
  1701 | D:3      | Reached XP level 4. HP: 22/29 MP: 4/4
  1826 | D:3      | Noticed an ogre
  1833 | D:3      | Killed an ogre
  1834 | D:3      | Reached skill level 7 in Stealth
  1834 | D:3      | Reached XP level 5. HP: 34/34 MP: 5/5
  1964 | D:3      | Killed Natasha
  2095 | D:3      | Noticed Natasha
  2105 | D:3      | Killed Natasha
  2106 | D:3      | Reached skill level 8 in Stealth
  2225 | D:3      | Found a runed translucent door.
  2226 | D:3      | Noticed Crazy Yiuf
  2294 | D:3      | Noticed Natasha
  2305 | D:3      | Killed Natasha
  2306 | D:3      | Reached XP level 6. HP: 18/39 MP: 6/6
  2615 | D:3      | Slain by an iguana

Illustrated notes

Levels and vault maps discovered:
D:1:      lemuel_arrival_tunnels, layout_basic, shapermc_ecumenical_altar_venn
D:2:      layout_basic, serial_shops, shop, corexii_item_surrounded_by_moat,
          minmay_misc_feat_iff, lightli_corner_chamber
D:3:      layout_loops_ring, uniq_crazy_yiuf_cottage, uniq_natasha
D:4:      layout_loops_ring, nicolae_ossuary_entry_giza, uniq_ijyb,
          uniq_blork_the_orc

Skill      XL: |  1  2  3  4  5 |
---------------+----------------+-----
Stealth        | 6 7 8 |  8.3
Maces & Flails | 1 |  1.0
Short Blades   | 3 4 |  4.2
Fighting       | |  2.0
Throwing       | |  2.0
Dodging        | |  1.0

Action                     |  1- 3 |  4- 6 || total
---------------------------+-------+-------++-------
  Melee: Rapier            |    61 |       ||    61
         Constrict         |    19 |     8 ||    27
         Dagger            |     1 |       ||     1
         Tentacles         |    13 |     8 ||    21
         Mace              |    11 |       ||    11
         Short sword       |     6 |    44 ||    50
  Throw: Dart              |       |     4 ||     4
    Use: Scroll            |     6 |       ||     6
   Stab: Sleeping          |    15 |     6 ||    21
         Distracted        |       |     1 ||     1
 Armour: Skin              |    36 |    24 ||    60
  Dodge: Dodged            |    38 |    29 ||    67

Table legend: (Time is in decaauts)
 A = Elapsed time spent in this place.
 B = Non-inter-level travel time spent in this place.
 C = Inter-level travel time spent in this place.
 D = Time resting spent in this place.
 E = Time spent auto-exploring this place.
 F = Levels seen in this place.
 G = Mean time per level.
                   A        B        C        D        E       F      G
               +--------+--------+--------+--------+--------+-----+--------+
         Total |   2588 |   2521 |     67 |    267 |   1692 |   4 |  647.0 |
       Dungeon |   2588 |   2521 |     67 |    267 |   1692 |   4 |  647.0 |
               +--------+--------+--------+--------+--------+-----+--------+

Top non-repeatable levels by time:
     D:3: 974 daAuts
     D:2: 915 daAuts
     D:1: 653 daAuts
     D:4: 46 daAuts
